 Dungeon Crawl Stone Soup version 0.25.0-37-gb73750e0fb (console) character file.

Game seed: 7649620642385832016

17 Kagalorn the Skirmisher (level 2, 0/29 HPs)
             Began as a Gnoll Wanderer on July 9, 2020.
             Slain by an ooze (3 damage)
             ... on level 1 of the Dungeon.
             The game lasted 00:01:28 (798 turns).

Kagalorn the Skirmisher (Gnoll Wanderer)             Turns: 798, Time: 00:01:29

Health: 0/29       AC:  2    Str: 10    XL:     2   Next: 62%
Magic:  3/3        EV: 13    Int: 16    God:
Gold:   37         SH:  0    Dex: 16    Spells: 0/1 levels left

rFire    . . .     SeeInvis .   a - +0 dagger
rCold    . . .     Gourm    .   (no shield)
rNeg     . . .     Faith    .   f - +0 robe
rPois    .         Spirit   .   (no helmet)
rElec    .         Reflect  .   (no cloak)
rCorr    .         Harm     .   (no gloves)
MR       .....                  (no boots)
Stlth    ++........             (no amulet)
HPRegen  0.09/turn              (no ring)
MPRegen  0.08/turn              (no ring)

@: no status effects
A: distributed training, fangs 1, strong nose
a: no special abilities


You were on level 1 of the Dungeon.
You were not hungry.

You visited 1 branch of the dungeon, and saw 1 of its levels.

You collected 37 gold pieces.

Inventory:

Hand Weapons
 a - a +0 dagger (weapon)
Missiles
 d - 8 poisoned darts (quivered)
 l - 8 boomerangs
Armour
 f - a +0 robe (worn)
Scrolls
 c - 3 scrolls of identify {unknown}
 e - a scroll of fear
 h - a scroll of random uselessness {unknown}
 i - a scroll of amnesia {unknown}
 j - a scroll of enchant armour {unknown}
Potions
 b - a potion of berserk rage
 k - a potion of might {unknown}
Comestibles
 g - a ration


   Skills:
 + Level 6.5 Fighting
 + Level 0.4 Short Blades
 + Level 0.4 Long Blades
 + Level 0.4 Axes
 + Level 0.4 Maces & Flails
 + Level 0.4 Polearms
 + Level 0.4 Staves
 + Level 0.4 Slings
 + Level 0.4 Bows
 + Level 0.4 Crossbows
 + Level 2.5 Throwing
 + Level 0.4 Armour
 + Level 2.5 Dodging
 + Level 0.4 Stealth
 + Level 0.4 Shields
 + Level 2.5 Unarmed Combat
 + Level 0.4 Spellcasting
 + Level 5.3 Conjurations
 + Level 0.2 Hexes
 + Level 0.2 Charms
 + Level 0.2 Summonings
 + Level 0.2 Necromancy
 + Level 0.2 Translocations
 + Level 0.2 Transmutations
 + Level 0.2 Fire Magic
 + Level 0.2 Ice Magic
 + Level 0.2 Air Magic
 + Level 0.2 Earth Magic
 + Level 0.2 Poison Magic
 + Level 0.5 Invocations
 + Level 2.5 Evocations


You couldn't memorise any spells.
You knew the following spells:

 Your Spells              Type           Power        Failure   Level  Hunger
a - Summon Small Mammal   Summ           #...         22%         1    ##.....

Your spell library contained the following spells:

 Spells                   Type           Power        Failure   Level  Hunger
 Call Canine Familiar     Summ           #.......     54%         3    ####...


Dungeon Overview and Level Annotations

Branches:
Dungeon (1/15)

Altars:


Innate Abilities, Weirdness & Mutations

Your experience applies equally to all skills.
You have very sharp teeth.
Your uncanny sense of smell can sniff out nearby items.


Message History

The ooze is heavily wounded.
The ooze hits you.
* * * LOW HITPOINT WARNING * * *
You hit the ooze.
The ooze is heavily wounded.
The ooze misses you.
You completely miss the ooze. You bite the ooze.
The ooze is severely wounded.
The ooze hits you.
* * * LOW HITPOINT WARNING * * *
You hit the ooze.
The ooze is almost dead.
The ooze barely misses you.
You barely miss the ooze.
The ooze is almost dead.
The ooze misses you.
You hit the ooze but do no damage. You bite the ooze, but do no damage.
The ooze is almost dead.
The ooze hits you.
You die...

####### #.). #.
#.....# #... #.
#.....# #... #. #
#.>...####### +.
+.+............ #.
#.#...)........ ∆#.
#..............
#J#####.###........
#.@.....# #........
#.####### #########
#. #. .. ∆ ##
###.## #....# #


You could see an ooze.

Vanquished Creatures
  An ooze (D:1)
  A dart slug (D:1)
  3 bats (D:1)
  A giant cockroach (D:1)
  2 hobgoblins (D:1)
  A jackal (D:1)
  2 kobolds (D:1)
11 creatures vanquished.

Notes
Turn   | Place    | Note
-------+----------+-------------------------------------------
     0 | D:1      | Kagalorn the Gnoll Wanderer began the quest for the Orb.
     0 | D:1      | Kagalorn set off with the following items: a +0 dagger, a
                  | potion of berserk rage, 8 poisoned darts, a scroll of fear,
                  | a +0 robe, a ration; and the following spell memorised:
                  | Summon Small Mammal; and the following spells available to
                  | memorise: Call Canine Familiar
     0 | D:1      | Reached XP level 1. HP: 23/23 MP: 2/2
   272 | D:1      | Reached XP level 2. HP: 20/29 MP: 3/3
   798 | D:1      | Slain by an ooze

Illustrated notes

Levels and vault maps discovered:
D:1:      dpeg_arrival_boxes_within_box, layout_basic, hangedman_feature_mirror,
          serial_park_tiny_pond

Action                   || total
-------------------------++-------
Melee: Dagger            ||    83
       Bite              ||    15
 Stab: Sleeping          ||     2
Armor: Robe              ||    16
Dodge: Dodged            ||    40
